 Dungeon Crawl Stone Soup version 0.22.1-6-g1668fe2c40 (webtiles) character file.

3776 Jynx the Basher (level 10, -1/64 HPs)
             Began as a Gargoyle Fighter on Jan 26, 2019.
             Was a Follower of Ashenzari.
             Slain by Grum
             ... wielding a -1 spear
              (10 damage)
             ... on level 8 of the Dungeon.
             The game lasted 00:11:50 (8592 turns).

Jynx the Basher (Gargoyle Fighter)                  Turns: 8592, Time: 00:11:50

Health: -1/64      AC: 19    Str: 21    XL:     10   Next: 16%
Magic:  10/10      EV:  9    Int:  9    God:    Ashenzari [*.....]
Gold:   503        SH: 11    Dex: 11    Spells: 9/9 levels left

rFire    + . .     SeeInvis .   a - +0 flail
rCold    . . .     Gourm    .   c - +0 shield (curse)
rNeg     + . .     Faith    .   h - +1 chain mail (curse)
rPois    ∞         Spirit   .   (no helmet)
rElec    +         Reflect  .   (no cloak)
rCorr    .         Harm     .   (no gloves)
MR       .....                  (no boots)
Stlth    ..........             (no amulet)
HPRegen  0.20/turn              i - +3 ring of evasion (curse)
MPRegen  0.12/turn              t - ring of protection from fire

@: hasted, very quick
A: negative energy resistance 1, electricity resistance, unbreathing,
petrification resistance, rot immunity, AC +7
a: Curse Item, Scrying, Renounce Religion


You were on level 8 of the Dungeon.
You worshipped Ashenzari.
Ashenzari was aware of your devotion.
You were not hungry.

You visited 1 branch of the dungeon, and saw 8 of its levels.

You collected 503 gold pieces.

Inventory:

Hand Weapons
 a - a +0 flail (weapon)
Armour
 c - a cursed +0 shield (worn)
 h - a cursed +1 chain mail (worn)
Jewellery
 i - a cursed +3 ring of evasion (left hand)
 t - a ring of protection from fire (right hand)
Wands
 d - a wand of enslavement (12)
 o - a wand of flame (12)
 s - a wand of acid (6)
 F - a wand of iceblast (16)
Scrolls
 j - a scroll of magic mapping
 q - 2 scrolls of enchant armour
 y - a scroll of blinking
 z - a scroll of vulnerability {unknown}
 A - a scroll of fear
 B - a scroll of immolation {unknown}
 C - a scroll of torment {unknown}
 D - a scroll of teleportation
 G - a scroll of amnesia {unknown}
Potions
 b - a potion of haste
 e - a potion of mutation {unknown}
 g - a potion of invisibility {unknown}
 k - a potion of berserk rage {unknown}
 l - 2 potions of flight {unknown}
 m - 3 potions of curing {unknown}
 n - 4 potions of brilliance {unknown}
 p - a potion of degeneration {unknown}
 u - 2 potions of agility {unknown}
 v - a potion of magic {unknown}
 w - 2 potions of cancellation {unknown}
 x - a potion of lignification {unknown}
 E - 2 potions of heal wounds
Comestibles
 f - 17 rations
 r - 2 chunks of flesh


   Skills:
 + Level 7.8 Fighting
 * Level 9.3 Maces & Flails
 + Level 7.8 Armour
 + Level 7.7 Shields


You had 9 spell levels left.
You didn't know any spells.
Your spell library contained the following spells:

 Spells                   Type           Power        Failure   Level  Hunger
 Magic Dart               Conj           #...         100%        1    ##.....
 Blink                    Tloc           N/A          100%        2    ###....
 Call Imp                 Summ           #.......     100%        2    ###....
 Slow                     Hex            #.......     100%        2    ###....
 Conjure Flame            Conj/Fire      #.......     100%        3    ####...
 Mephitic Cloud           Conj/Pois/Air  #.......     100%        3    ####...


Dungeon Overview and Level Annotations

Branches:
Dungeon (8/15)             Temple (0/1) D:6
   Lair: D:8-11

Altars:
Ashenzari
Cheibriados
Gozag
Kikubaaqudgha
Makhleb
Ru
Sif Muna
Zin

Shops:
D:5 (   D:7 (

Annotations:
D:8 Grum, Prince Ribbit


Innate Abilities, Weirdness & Mutations

You are resistant to torment.
Your stone body is resilient. (AC +7)
You are immune to poison.
You resist negative energy. (rN+)
You are resistant to electric shocks. (rElec)
You can survive without breathing.
You are immune to petrification.
You are immune to rotting.


Message History

* * * LOW HITPOINT WARNING * * *
You hit the wolf but do no damage.
The wolf is severely wounded.
You block the wolf's attack. The wolf bites you.
* * * LOW HITPOINT WARNING * * *
You block Grum's attack. The wolf bites you but does no damage.
You barely miss the wolf.
The wolf is severely wounded.
You block the wolf's attack.
Your chain mail prevents you from hitting the wolf.
The wolf is severely wounded.
The wolf barely misses you. You block the wolf's attack.
You block Grum's attack. The wolf bites you!
* * * LOW HITPOINT WARNING * * *
Your shield and chain mail prevent you from hitting the wolf.
The wolf is severely wounded.
The wolf barely misses you.
Grum glances around and shouts, "Pluto!
Here boy!"
Grum hits you from afar with a spear!
You die...

#..........#.....#....###
#..........+.....#.......
#...)......#####'#.......
#........................
#......................((
#........................
......gh................
.....h#h##..............
......#@h#..............
..... +..#..............
... ####............#+ ..
#....÷.......#. .
#............#.
#............#.
#............+.
#............#'
#..............


You could see Grum and 3 wolves.

Vanquished Creatures
  Joseph (D:7)
  A hippogriff (D:7)
  A spriggan (D:7)
  Menkaure (D:5)
  Duvessa (D:7)
  An orc warrior (D:7)
  2 ice beasts
  A necrophage (D:6)
  2 black bears
  A wolf (D:8)
  2 ogres (D:5)
  3 centaurs
  5 bullfrogs
  Dowan (D:7)
  A scorpion (D:7)
  8 killer bees
  An electric eel (D:7)
  A howler monkey (D:8)
  4 crimson imps
  A quasit (D:8)
  A jelly (D:7)
  2 orc priests
  2 hounds
  Jessica (D:2)
  Terence (D:2)
  2 iguanas
  Natasha (thrice) (D:2)
  6 orc wizards
  5 worker ants
  A hound zombie (D:8)
  A hound skeleton (D:4)
  A worker ant zombie (D:6)
  Robin (D:2)
  A gnoll (D:1)
  8 adders
  3 shadow imps
  2 worms
  A dart slug (D:1)
  4 leopard geckos
  20 orcs
  6 bats
  5 giant cockroaches
  17 goblins
  7 hobgoblins
  5 jackals (D:6)
  4 quokkas
  8 frilled lizards
  6 kobolds
  2 quokka skeletons
  6 rats
  A fungus (D:7)
172 creatures vanquished.

Notes
Turn   | Place    | Note
-------+----------+-------------------------------------------
     0 | D:1      | Jynx the Gargoyle Fighter began the quest for the Orb.
     0 | D:1      | Reached XP level 1. HP: 14/14 MP: 1/1
     1 | D:1      | Noticed a human
     3 | D:1      | Noticed a minotaur
     5 | D:1      | Noticed a gargoyle
     9 | D:1      | Noticed a human
    42 | D:1      | Reached XP level 2. HP: 10/19 MP: 2/2
   379 | D:1      | Reached XP level 3. HP: 23/23 MP: 3/3
   923 | D:2      | Noticed Jessica
   931 | D:2      | Killed Jessica
   931 | D:2      | Reached skill level 3 in Maces & Flails
   931 | D:2      | Reached XP level 4. HP: 29/29 MP: 4/4
  1069 | D:2      | Noticed Robin
  1080 | D:2      | Killed Robin
  1287 | D:2      | Found an opulent altar of Gozag.
  1287 | D:2      | Found a glowing silver altar of Zin.
  1428 | D:2      | Noticed Terence
  1444 | D:2      | Killed Terence
  1444 | D:2      | Reached XP level 5. HP: 33/33 MP: 5/5
  1486 | D:2      | Noticed Natasha
  1501 | D:2      | Killed Natasha
  1668 | D:2      | Noticed Natasha
  1677 | D:2      | Killed Natasha
  1837 | D:2      | Noticed Natasha
  1851 | D:2      | Killed Natasha
  1851 | D:2      | Reached skill level 4 in Maces & Flails
  1999 | D:3      | Found a faded altar of an unknown god.
  2009 | D:3      | Found a shattered altar of Ashenzari.
  2162 | D:3      | Reached XP level 6. HP: 34/38 MP: 6/6
  2339 | D:3      | Found a deep blue altar of Sif Muna.
  3457 | D:3      | Became a worshipper of Ashenzari the Shackled
  3514 | D:5      | Entered Level 5 of the Dungeon
  3516 | D:5      | Noticed an ice beast
  3568 | D:4      | Killed an ice beast
  3612 | D:5      | Reached skill level 5 in Maces & Flails
  3612 | D:5      | Reached XP level 7. HP: 11/44 MP: 7/7
  3870 | D:5      | Noticed Menkaure
  3877 | D:5      | Killed Menkaure
  3877 | D:5      | Reached skill level 5 in Fighting
  3877 | D:5      | Reached skill level 5 in Armour
  3877 | D:5      | Reached skill level 5 in Shields
  4365 | D:5      | Found an ancient bone altar of Kikubaaqudgha.
  4382 | D:5      | Found Habruxko's Antique Weapon Shop.
  4461 | D:5      | Found a burning altar of Makhleb.
  4589 | D:5      | Found a snail-covered altar of Cheibriados.
  5090 | D:5      | Reached XP level 8. HP: 16/50 MP: 8/8
  5450 | D:6      | Identified the cursed +0 robe of the Mackerel {rPois}
  5571 | D:6      | Reached skill level 6 in Maces & Flails
  5896 | D:6      | Found a staircase to the Ecumenical Temple.
  6151 | D:7      | Reached skill level 7 in Maces & Flails
  6343 | D:7      | Found Ymohat's Weapon Boutique.
  6389 | D:7      | Reached * piety under Ashenzari
  6399 | D:7      | Reached XP level 9. HP: 41/56 MP: 9/9
  6993 | D:7      | Noticed Duvessa
  6997 | D:7      | Noticed Dowan
  7237 | D:6      | Reached skill level 8 in Maces & Flails
  7256 | D:7      | Killed Duvessa
  7261 | D:7      | Killed Dowan
  7425 | D:7      | Noticed Joseph
  7459 | D:7      | Killed Joseph
  8019 | D:8      | Reached skill level 9 in Maces & Flails
  8019 | D:8      | Reached XP level 10. HP: 62/63 MP: 10/10
  8289 | D:8      | Found a sacrificial altar of Ru.
  8375 | D:8      | Noticed Prince Ribbit
  8557 | D:8      | Noticed Grum
  8592 | D:8      | Slain by Grum

Skill      XL: |  1  2  3  4  5  6  7  8  9 |
---------------+----------------------------+-----
Maces & Flails | 3 4 5 7 9 |  9.3
Shields        | 4 5 6 7 |  7.7
Fighting       | 4 5 6 7 |  7.8
Armour         | 4 5 6 7 |  7.8

Action                   |  1- 3 |  4- 6 |  7- 9 | 10-12 || total
-------------------------+-------+-------+-------+-------++-------
Melee: Flail             |   130 |   283 |   602 |   105 ||  1120
Invok: Curse Item        |       |     2 |     1 |       ||     3
  Use: Scroll            |     2 |     7 |     2 |       ||    11
       Potion            |       |     1 |     2 |     1 ||     4
  Eat: Chunk             |       |     9 |    12 |     2 ||    23
       Ration            |       |       |     1 |       ||     1
Armor: Scale mail        |     6 |       |       |       ||     6
       Chain mail        |   107 |   166 |   339 |    86 ||   698
Dodge: Dodged            |    44 |    73 |   177 |    76 ||   370
Block: Shield            |    96 |   147 |   312 |   101 ||   656
